 Dungeon Crawl Stone Soup version 0.20.1-1-g8b1a95d (webtiles) character file.

421 keltmir the Changer (level 6, 0/47 HPs)
             Began as a Draconian Transmuter on Oct 31, 2017.
             Succumbed to an orc wizard's poison
             ... on level 4 of the Dungeon.
             The game lasted 00:24:12 (5083 turns).

keltmir the Changer (Draconian Transmuter)          Turns: 5083, Time: 00:24:13

Health: 0/47       AC:  6    Str: 17    XL:     6   Next: 62%
Magic:  8/9        EV: 12    Int: 16    God:
Gold:   221        SH:  0    Dex: 11    Spells: 5/9 levels left

rFire    + . .     SeeInvis .     - Unarmed
rCold    + . .     Gourm    .   (no shield)
rNeg     . . .     Faith    .   (armour unavailable)
rPois    +         Spirit   .   (helmet restricted)
rElec    +         Reflect  .   f - scarf {repulsion}
rCorr    +         Harm     .   (no gloves)
MR       .....                  (no boots)
Stlth    +.........             (no amulet)
Regen    0.2/turn               (no ring)
MPRegen  0.2/turn               (no ring)

@: mighty, lethally poisoned (0 -> -2), resistant, drained, repel missiles
A: unfitting armour, cold-blooded, AC +6
a: no special abilities


You were on level 4 of the Dungeon.
You were completely stuffed.

You visited 1 branch of the dungeon, and saw 5 of its levels.

You collected 221 gold pieces.

Inventory:

Missiles
 a - 62 arrows
 k - 3 poisoned javelins (quivered)
Armour
 f - a scarf of repulsion (worn)
Jewellery
 i - an uncursed amulet of faith
 s - an uncursed amulet of harm
Wands
 p - a wand of confusion (19/48)
Scrolls
 d - a scroll of fear
 e - a scroll of recharging
 g - 3 scrolls of remove curse
 m - 2 scrolls of blinking
 n - a scroll of immolation
Potions
 j - a potion of flight
 l - a potion of berserk rage
Books
 b - a book of Changes

   Spells                             Type                      Level
   a - Beastly Appendage              Transmutation                1
   b - Sticks to Snakes               Transmutation                2
   c - Spider Form                    Transmutation/Poison         3
   d - Ice Form                       Ice/Transmutation            4
   e - Blade Hands                    Transmutation                5


   Skills:
 - Level 1.1(0.6) Fighting
 - Level 1.7(1.3) Dodging
 - Level 3.0(2.5) Unarmed Combat
 - Level 2.0(1.5) Spellcasting
 * Level 7.2(6.7) Transmutations


You had 5 spell levels left.
You knew the following spells:

 Your Spells              Type           Power        Failure   Level  Hunger
a - Beastly Appendage     Tmut           ###...       1%          1    ##.....
b - Spider Form           Tmut/Pois      ##........   16%         3    ####...


Dungeon Overview and Level Annotations

Branches:
Dungeon (5/15)
 Temple: D:4-7

Altars:
Trog

Shops:
D:4 [

Annotations:
D:3 2 transporters


Innate Abilities, Weirdness & Mutations

Your plain brown scales are hard. (AC +6)
You cannot fit into any form of body armour.
You are cold-blooded and may be slowed by cold attacks.


Message History

There is a stone staircase leading down here.
You climb downwards.
* * * LOW HITPOINT WARNING * * *
You feel sick.
There is a stone staircase leading up here.
You see here a club.
You eat one of the 2 bread rations.
That bread ration really hit the spot!
You eat the bread ration.
That bread ration really hit the spot!
* * * LOW HITPOINT WARNING * * *
You feel sick.
There is a lethal amount of poison in your body!
Your transformation is almost over.
* * * LOW HITPOINT WARNING * * *
You feel sick.
* * * LOW HITPOINT WARNING * * *
You feel sick.
Your transformation has ended.
Your scarf of repulsion unmelds from your body.
You are surrounded by a repulsion field.
You die...

#..............#
######....####.....#
###...##....####....<#
..'....#.............#
..#....#.............#
..#....#.............#
..#....#.............#
.##..###....####.....#
.##..###########@....#
.....................#
...........^.........#
.....................#
.....###########.....#
.....##.......##.....#
.....................#
.....................#
.....................#


There were no monsters in sight!

Vanquished Creatures
  Sigmund (D:3)
  2 orc wizards
  Natasha (thrice) (D:2)
  7 adders
  3 worms (D:2)
  A dart slug (D:1)
  2 leopard geckos (D:1)
  6 orcs
  A ball python (D:3)
  7 bats
  A giant cockroach (D:2)
  7 goblins
  5 hobgoblins
  5 jackals
  7 kobolds
  2 frilled lizards (D:2)
  13 rats
73 creatures vanquished.

Notes
Turn   | Place    | Note
-------+----------+-------------------------------------------
     0 | D:1      | keltmir the Draconian Transmuter began the quest for the Orb.
     0 | D:1      | Reached XP level 1. HP: 16/16 MP: 3/3
   236 | D:1      | Reached XP level 2. HP: 21/23 MP: 5/5
   496 | D:1      | Reached skill level 3 in Transmutations
  1047 | D:2      | Reached XP level 3. HP: 14/28 MP: 4/6
  1327 | D:1      | Learned a level 3 spell: Spider Form
  1376 | D:2      | Reached skill level 4 in Transmutations
  1646 | D:2      | Reached XP level 4. HP: 23/35 MP: 7/7
  1769 | D:2      | Noticed a moth of wrath
  1772 | D:2      | Found a bloodstained altar of Trog.
  1899 | D:2      | Noticed Natasha
  1911 | D:2      | Killed Natasha
  2131 | D:2      | Noticed Natasha
  2142 | D:2      | Killed Natasha
  2142 | D:2      | Reached skill level 5 in Transmutations
  2142 | D:2      | Reached XP level 5. HP: 40/40 MP: 1/8
  2243 | D:2      | You fall through a shaft for 2 floors!
  2315 | D:3      | Noticed Sigmund
  2835 | D:5      | Entered Level 5 of the Dungeon
  3368 | D:2      | Noticed Natasha
  3375 | D:2      | Killed Natasha
  3375 | D:2      | Reached skill level 6 in Transmutations
  3985 | D:3      | Found a transporter.
  4054 | D:3      | Found a transporter.
  4294 | D:3      | HP: 2/40 [poisoned by a worker ant]
  4302 | D:3      | HP: 1/40 [poisoned by a worker ant]
  4811 | D:4      | Found Bilis's Armour Emporium.
  4840 | D:3      | Killed Sigmund
  4840 | D:3      | Reached skill level 7 in Transmutations
  4840 | D:3      | Reached XP level 6. HP: 29/47 MP: 6/9
  5071 | D:4      | HP: 2/47 [poisoned by an orc wizard]
  5076 | D:4      | HP: 1/47 [poisoned by an orc wizard]
  5083 | D:4      | Succumbed to an orc wizard's poison

Skill      XL: |  1  2  3  4  5 |
---------------+----------------+-----
Transmutations | 3 4 5 7 |  7.2
Fighting       | |  1.1
Dodging        | |  1.7
Unarmed Combat | |  3.0
Spellcasting   | |  2.0

Action                   |  1- 3 |  4- 6 || total
-------------------------+-------+-------++-------
Melee: Unarmed           |   150 |   181 ||   331
       Tailslap          |    12 |     7 ||    19
       Headbutt          |     5 |     3 ||     8
       Kick              |     6 |     1 ||     7
       Punch             |     1 |     1 ||     2
 Cast: Beastly Appendage |    10 |     3 ||    13
       Spider Form       |     1 |    17 ||    18
  Use: Scroll            |     4 |     7 ||    11
       Potion            |       |     5 ||     5
 Stab: Sleeping          |       |     1 ||     1
  Eat: Chunk             |     3 |    10 ||    13
       Bread ration      |       |     3 ||     3
Armor: Skin              |    59 |    42 ||   101
Dodge: Dodged            |   118 |   154 ||   272
       Deflected         |       |     6 ||     6
